 Dungeon Crawl Stone Soup version 0.31-a0-1-g4198be8af4 (webtiles) character file.

Game seed: 15880316552314616116

54 erloom the Chopper (level 4, 28/35 HPs)
             Began as a Human Cinder Acolyte on May 2, 2023.
             Was a High Priest of Ignis.
             Quit the game on level 2 of the Dungeon.
             The game lasted 00:03:32 (1090 turns).

erloom the Chopper (Human Cinder Acolyte)           Turns: 1090, Time: 00:03:33

Health: 28/35      AC: 10    Str: 17    XL:     4   Next: 12%
Magic:  5/5        EV:  4    Int: 14    God:    Ignis [*****.]
Gold:   109        SH:  0    Dex:  8    Spells: 5/5 levels left

rFire   + . .        a - -1 hand axe (flame)
rCold   . . .        (no shield)
rNeg    . . .        k - +0 plate armour
rPois   .            (no helmet)
rElec   .            (no cloak)
rCorr   .            (no gloves)
SInv    .            (no boots)
Will    .....        (no amulet) Stlth
                     d - ring of wizardry
HPRegen 0.25/turn    (no ring)
MPRegen 0.09/turn

%: wizardry (x1)
@: no status effects
A: no striking features
a: Renounce Religion, Fiery Armour, Foxfire Swarm, Rising Flame


You were on level 2 of the Dungeon.
You worshipped Ignis.
Ignis was extremely pleased with you.
You visited 1 branch of the dungeon, and saw 2 of its levels.

You collected 109 gold pieces.

Inventory:

Hand Weapons
 a - a -1 hand axe of flaming (weapon)
 p - a +1 mace of draining
Armour
 b - a +0 robe
 k - a +0 plate armour (worn)
Jewellery
 d - a ring of wizardry (left hand)
Scrolls
 f - 2 scrolls of immolation {unknown}
 i - a scroll of teleportation {unknown}
 l - a scroll of fear {unknown}
Potions
 c - a potion of ambrosia
 e - 2 potions of attraction {unknown}
 g - a potion of curing
 j - a potion of degeneration
 m - a potion of might {unknown}
 n - a potion of mutation {unknown}
 o - 2 potions of brilliance {unknown}


   Skills:
 - Level 3.0 Fighting
 + Level 4.7 Axes
 - Level 1.0 Spellcasting
 - Level 3.0 Fire Magic


You had 5 spell levels left.
You didn't know any spells.
Your spell library contained the following spells:

 Spells                   Type           Power      Damage    Failure   Level
 Scorch                   Fire           18%        2d6       95%         2


Dungeon Overview and Level Annotations

Branches:
Dungeon (2/15)

Altars:


Message History

You barely miss the jackal. You closely miss the jackal.
The jackal bites you but does no damage.
You hit the jackal. You burn the jackal.
The jackal is heavily wounded.
The jackal bites you but does no damage.
You hit the jackal. You burn the jackal.
The jackal is severely wounded.
The jackal bites you but does no damage. x2
You hit the jackal but do no damage.
The jackal is heavily wounded.
The jackal bites you.
You hit the jackal. You burn the jackal.
You kill the jackal!
The jackal bites you but does no damage.
You miss the jackal.
The jackal bites you but does no damage.
You closely miss the jackal.
The jackal bites you but does no damage.
A jackal comes into view.
You hit the jackal. You burn the jackal.
You kill the jackal!
You hit the jackal but do no damage. The jackal bites you. x2
You hit the jackal. You burn the jackal.
You kill the jackal!
The jackal barely misses you.
You closely miss the jackal. The jackal bites you.
You hit the jackal but do no damage.
The jackal bites you but does no damage.
The jackal bites you.
You closely miss the jackal.
The jackal bites you but does no damage.
You slash the jackal! You burn the jackal.
You kill the jackal!
Things that are here:
a jackal corpse; a jackal corpse; a jackal corpse Welcome back, erloom the Human Cinder Acolyte.
The flames of Ignis gently warm you.
Press ? for a list of commands and other information.
Are you sure you want to abandon this character and quit the game? (Confirm with "yes".)

#####...##### ####....
#...# ###.### #.#.#
##.#.# #...# #....#
##.## ##.### #.### #.#
## #...# #.# #.
#########.#######.####.
#....†@........##......
#.#######.####.######..
####.#######.## #.# #..
#....##.....†.# #.# ##.
#.#####.###...###.# ##
#.# #.#.......#.# # #.#
#.#.......#.# #.#
#.#...<...#.# #.#
#.......###.####


There were no monsters in sight!

Vanquished Creatures
  A jelly (D:2)
  A dart slug (D:1)
  2 ball pythons (D:1)
  An endoplasm (D:1)
  A giant cockroach (D:1)
  4 goblins (D:1)
  A hobgoblin (D:1)
  4 jackals (D:2)
  2 bats (D:1)
  A frilled lizard (D:1)
  A kobold (D:1)
  3 rats
22 creatures vanquished.

Notes
Turn   | Place    | Note
-------+----------+-------------------------------------------
     0 | D:1      | erloom the Human Cinder Acolyte began the quest for the
                  | Orb.
     0 | D:1      | Reached XP level 1. HP: 18/18 MP: 2/2
   143 | D:1      | Reached XP level 2. HP: 21/24 MP: 3/3
   623 | D:1      | Reached skill level 4 in Axes
   623 | D:1      | Reached XP level 3. HP: 27/29 MP: 4/4
   851 | D:2      | Reached XP level 4. HP: 26/35 MP: 5/5
  1090 | D:2      | Quit the game

Illustrated notes

Levels and vault maps discovered:
D:1:      wander_arrival_peaceful_grave, layout_loops_ring,
          ebering_dispersal_statue_hall, dreamdust_princess_corridor,
          nicolae_kite_square_tiling_tiny
D:2:      layout_loops_cross

Skill      XL: |  1  2 |
---------------+-------+-----
Axes           | 4 |  4.7
Fighting       | |  3.0
Spellcasting   | |  1.0
Fire Magic     | |  3.0

Action                     |  1- 3 |  4- 6 || total
---------------------------+-------+-------++-------
  Melee: Hand axe          |    53 |    21 ||    74
    Use: Scroll            |       |     3 ||     3
 Armour: Robe              |     9 |       ||     9
         Plate armour      |     6 |    18 ||    24
  Dodge: Dodged            |    28 |     1 ||    29

Table legend: (Time is in decaauts)
 A = Elapsed time spent in this place.
 B = Non-inter-level travel time spent in this place.
 C = Inter-level travel time spent in this place.
 D = Time resting spent in this place.
 E = Time spent auto-exploring this place.
 F = Levels seen in this place.
 G = Mean time per level.
                   A        B        C        D        E       F      G
               +--------+--------+--------+--------+--------+-----+--------+
         Total |   1096 |   1055 |     41 |     68 |    690 |   2 |  548.0 |
       Dungeon |   1096 |   1055 |     41 |     68 |    690 |   2 |  548.0 |
               +--------+--------+--------+--------+--------+-----+--------+

Top non-repeatable levels by time:
     D:1: 789 daAuts
     D:2: 307 daAuts
